 Dungeon Crawl Stone Soup version 0.18-a0-1347-gb9e2fb4 (webtiles) character file.

623 M4edhros the Sneak (level 7, -3/46 HPs)
             Began as an Octopode Monk on Feb 17, 2016.
             Slain by Eustachio
             ... wielding a +0 rapier
              (7 damage)
             ... on level 4 of the Dungeon.
             The game lasted 00:09:19 (2016 turns).

M4edhros the Sneak (Octopode Monk)                  Turns: 2016, Time: 00:09:20

Health: -3/46      AC:  1    Str: 10    XL:     7   Next: 46%
Magic:  7/7        EV: 20    Int: 13    God:
Gold:   169        SH:  0    Dex: 21    Spells: 0 memorised, 6 levels left

rFire  . . .     SeeInvis .       - Unarmed
rCold  . . .     Gourm    .     (no shield)
rNeg   . . .     Faith    .     (helmet restricted)
rPois  .         Spirit   .     (no amulet)
rElec  .         Dismiss  .     g - +1 ring of evasion
rCorr  .         Reflect  .     (no ring)
SustAt .         Harm     .     (no ring)
MR     .....                    (no ring)
Stlth  ++++++....               (no ring)
                                (no ring)
                                (no ring)
                                (no ring)

@: agile, not resistant to hostile enchantments, very stealthy
A: almost no armour, amphibious, 8 rings, constrict 8, camouflage 1, gelatinous
body 1
a: no special abilities


You were on level 4 of the Dungeon.
You were not hungry.

You visited 1 branch of the dungeon, and saw 4 of its levels.
You also visited: Ossuary.

You collected 169 gold pieces.

Inventory:

Hand Weapons
 f - a +0 hunting sling
Missiles
 c - 49 stones (quivered)
Jewellery
 g - a +1 ring of evasion (left tentacle)
Scrolls
 d - a scroll of enchant weapon
 e - 2 scrolls of remove curse
 k - a scroll of fog {unknown}
 l - a scroll of brand weapon {unknown}
Potions
 h - a potion of mutation {unknown}
 i - a potion of lignification {unknown}
 j - a potion of agility
Comestibles
 a - a bread ration


   Skills:
 - Level 3.0 Fighting
 - Level 3.5 Slings
 - Level 3.0 Dodging
 + Level 7.5 Stealth
 + Level 6.2 Unarmed Combat


You had 6 spell levels left.
You didn't know any spells.

Dungeon Overview and Level Annotations

Branches:
Dungeon (4/15)
 Temple: D:4-7

Altars:
Kikubaaqudgha
Xom
Zin
The Shining One

Shops:
D:4 ?

Annotations:
D:4 Eustachio


Innate Abilities, Weirdness & Mutations

You cannot wear most types of armour.
You are amphibious.
You can wear up to eight rings at the same time.
You can use your tentacles to constrict eight enemies at once.
Your skin changes colour to match your surroundings (Stealth).
Your rubbery body absorbs attacks (AC +1).


Message History

You constrict Eustachio. Eustachio hits you with a rapier.
* * * LOW HITPOINT WARNING * * *
You tentacle-slap Eustachio.
Eustachio is moderately wounded.
You constrict Eustachio.
You tentacle-slap Eustachio but do no damage.
Your squeeze misses Eustachio.
Eustachio is heavily wounded.
You constrict Eustachio. Eustachio hits you with a rapier!
* * * LOW HITPOINT WARNING * * *
Drink which item? (? for menu, Esc to quit)
It was a potion of agility.
You feel agile all of a sudden.
You constrict Eustachio.
Eustachio screams, "At last I'll have my revenge!"
Eustachio misses you.
You tentacle-slap Eustachio. Your squeeze misses Eustachio.
Eustachio is severely wounded.
You constrict Eustachio. Eustachio hits you with a rapier!
You die...

.# .....
#............# ##
.....####
#####........# 8#
........# #........#
## ........#
########..#### _#
#......# #........>#
### #...).)#
#.####....# ..#
#......### #.# #....#
..# #......@.# #.#
#....#
..#######......#@# #.#
#....#
.......##........# #.#
#....#
.......+>........# #.#
#....#
.......#######...# #.#
#....# .......#
#.......###.# #....#
.......# #.###.......#
######
.......###.####.######
#######.....# #...#
#.##..###...#


You could see Eustachio.

Vanquished Creatures
  Edmund (D:4)
  3 elf zombies (Ossuary)
  A human zombie (Ossuary)
  A hound (D:4)
  An orc wizard (D:4)
  A worker ant (D:3)
  2 big kobold zombies (Ossuary)
  3 mummies (Ossuary)
  3 adders
  4 adder zombies (Ossuary)
  5 worms
  2 giant geckos
  6 orcs
  A ball python (D:3)
  2 giant cockroaches (D:2)
  3 gnoll zombies (Ossuary)
  7 goblins
  2 hobgoblins
  A quokka (D:3)
  A bat (D:1)
  3 giant newts (D:4)
  5 goblin zombies (Ossuary)
  3 hobgoblin zombies (Ossuary)
  5 jackal zombies (Ossuary)
  A kobold (D:2)
  A kobold zombie (Ossuary)
  4 orc zombies (Ossuary)
  3 rats
  2 rat zombies (Ossuary)
77 creatures vanquished.

Notes
Turn   | Place    | Note
--------------------------------------------------------------
     0 | D:1      | M4edhros the Octopode Monk began the quest for the Orb.
     0 | D:1      | Reached XP level 1. HP: 16/16 MP: 1/1
   105 | D:2      | Reached XP level 2. HP: 19/21 MP: 2/2
   216 | D:2      | Reached XP level 3. HP: 22/26 MP: 3/3
   576 | D:3      | Found a glowing golden altar of the Shining One.
   585 | D:3      | Reached skill level 1 in Slings
   585 | D:3      | Reached XP level 4. HP: 19/31 MP: 4/4
   910 | D:4      | Found Mayj's Magic Scroll Shoppe.
   978 | D:4      | Found a sand-covered staircase.
   998 | D:4      | Found an ancient bone altar of Kikubaaqudgha.
  1005 | D:4      | Found a shimmering altar of Xom.
  1007 | D:4      | Found a glowing silver altar of Zin.
  1020 | D:4      | Noticed Edmund
  1042 | D:4      | Killed Edmund
  1042 | D:4      | Reached skill level 5 in Stealth
  1042 | D:4      | Reached skill level 5 in Unarmed Combat
  1042 | D:4      | Reached XP level 5. HP: 25/36 MP: 5/5
  1046 | D:4      | Reached XP level 6. HP: 25/42 MP: 6/6
  1209 | Ossuary  | Entered an ossuary
  1301 | Ossuary  | Reached skill level 6 in Stealth
  1423 | Ossuary  | Reached XP level 7. HP: 13/46 MP: 7/7
  1879 | Ossuary  | Reached skill level 7 in Stealth
  1987 | D:4      | Noticed Eustachio
  2016 | D:4      | Slain by Eustachio

Vault maps used:
D:1:      dpeg_arrival_ternary
D:2:      kennysheep_goblin_castle, kennysheep_okawaru_gauntlet
D:3:      tso_metal_star, hangedman_ru_absence, first_bread, minivault_4,
          minivault_5, minivault_24, lemuel_blue_sif_altar
D:4:      minitemple, serial_shops, shop, nicolae_ossuary_entry_ruins,
          uniq_eustachio, uniq_edmund
Ossuary:  minmay_ossuary_two_tombs

Action                   |  1- 3 |  4- 6 |  7- 9 || total
-------------------------+-------+-------+-------++-------
Melee: Unarmed           |    50 |    94 |    48 ||   192
 Fire: Hunting sling     |       |       |   124 ||   124
Throw: Stone             |       |     3 |       ||     3
  Use: Potion            |       |     6 |     2 ||     8
       Scroll            |       |     2 |       ||     2
 Stab: Sleeping          |     9 |     4 |     3 ||    16
  Eat: Chunk             |       |     1 |       ||     1
       Bread ration      |       |       |     1 ||     1
